 Dungeon Crawl Stone Soup version 0.30-a0-715-gdb4ae3ece1 (webtiles) character file.

Game seed: 4462486106197002559

151 wormed the Sneak (level 5, -4/34 HPs)
             Began as an Octopode Air Elementalist on Jan 23, 2023.
             Slain by a river rat (7 damage)
             ... on level 3 of the Dungeon.
             The game lasted 00:03:09 (3592 turns).

wormed the Sneak (Octopode Air Elementalist)        Turns: 3592, Time: 00:03:09

Health: -4/34      AC:  1    Str:  8    XL:     5   Next: 33%
Magic:  0/9        EV: 13    Int: 19    God:
Gold:   127        SH:  0    Dex: 12    Spells: 3/9 levels left

rFire   . . .      SeeInvis +      - Unarmed
rCold   . . .      Faith    .    (no shield)
rNeg    . . .      Spirit   .    (helmet restricted)
rPois   .          Reflect  .    (no amulet)
rElec   .          Harm     .    n - ring of see invisible
rCorr   .          Rampage  .    (no ring)
Will    .....                    (no ring)
Stlth   +++                      (no ring)
HPRegen 0.25/turn                (no ring)
MPRegen 0.11/turn                (no ring)
                                 (no ring)
                                 (no ring)

@: very slightly contaminated
A: almost no armour, amphibious, 8 rings, camouflage 1, gelatinous body 1,
(nimble swimmer 1), tentacles
a: no special abilities


You were on level 3 of the Dungeon.
You visited 1 branch of the dungeon, and saw 3 of its levels.

You collected 127 gold pieces.

Inventory:

Jewellery
 n - a ring of see invisible (left tentacle)
Scrolls
 b - 2 scrolls of teleportation {unknown}
 e - 5 scrolls of identify {unknown}
 h - 5 scrolls of fear {unknown}
 i - a scroll of vulnerability {unknown}
 k - a scroll of noise {unknown}
 l - a scroll of enchant armour {unknown}
 m - a scroll of blinking {unknown}
Potions
 a - a potion of magic
 c - 2 potions of degeneration {unknown}
 d - 2 potions of might {unknown}
 f - 3 potions of invisibility {unknown}
 g - 2 potions of haste {unknown}
 j - 4 potions of curing {unknown}
 o - a potion of heal wounds {unknown}


   Skills:
 + Level 1.7 Fighting
 + Level 2.7 Dodging
 + Level 3.9 Stealth
 + Level 1.7 Unarmed Combat
 + Level 2.6 Spellcasting
 - Level 1.0 Conjurations
 + Level 3.5 Air Magic


You had 3 spell levels left.
You knew the following spells:

 Your Spells              Type           Power      Damage    Failure   Level
a - Shock                 Conj/Air       44%        1d5       6%          1
b - Static Discharge      Conj/Air       22%        2-3/arc   10%         2
c - Swiftness             Air            16%        N/A       11%         3

Your spell library contained the following spells:

 Spells                   Type           Power      Damage    Failure   Level
 Ensorcelled Hibernation  Hex/Ice        4%         N/A       24%         2
 Passwall                 Tmut/Erth      1%         N/A       24%         2
 Ignite Poison            Fire/Tmut/Pois 2%         N/A       43%         3
 Ozocubu's Armour         Ice            2%         N/A       43%         3
 Airstrike                Air            8%         2d(2-18)  34%         4
 Sticky Flame             Conj/Fire      4%         2d3       77%         4
 Metabolic Englaciation   Hex/Ice        1%         N/A       99%         5
 Simulacrum               Ice/Necr       1%         N/A       100%        6
 Ignition                 Fire           1%         3d3       100%        8


Dungeon Overview and Level Annotations

Branches:
Dungeon (3/15)

Altars:
Dithmenos
Kikubaaqudgha


Innate Abilities, Weirdness & Mutations

You cannot wear most types of armour.
You are amphibious.
You can wear up to eight rings at the same time.
Your skin changes colour to match your surroundings (Stealth+).
Your rubbery body absorbs attacks. (AC +1, EV +1)
((You are camouflaged when in or above water. (Stealth+)))
You have tentacles for arms and can constrict up to eight enemies at once.


Message History

The rat is struck by an arc of lightning.
You kill the rat!
You are struck by an arc of lightning.
The river rat is struck by an arc of lightning.
The river rat is severely wounded.
The river rat is struck by an arc of lightning.
The river rat is heavily wounded.
The lightning grounds out.
The river rat bites you. The river rat bites you!
Casting: Static Discharge (safe; 10% risk of failure)
Confirm with . or Enter, or press ? or * to list all spells.
The river rat is struck by an arc of lightning.
You kill the river rat!
You are struck by an arc of lightning.
The lightning grounds out.
The rat is struck by an arc of lightning.
You kill the rat!
You are struck by an arc of lightning.
The river rat is struck by an arc of lightning.
The river rat is almost dead.
You are struck by an arc of lightning.
* * * LOW HITPOINT WARNING * * *
The lightning grounds out.
The river rat bites you!
* * * LOW HITPOINT WARNING * * *
You closely miss the river rat. Your grab misses the river rat.
The river rat is almost dead.
The river rat closely misses you.
Casting: Static Discharge (safe; 10% risk of failure)
Confirm with . or Enter, or press ? or * to list all spells.
Aiming: Shock (safe; 6% risk of failure)
Press: ? - help, Shift-Dir - straight line, f - river rat
Aim: a river rat (almost dead, 64% to hit)
The zap misses the river rat.
The river rat closely misses you.
Casting: Shock (safe; 6% risk of failure)
Confirm with . or Enter, or press ? or * to list all spells.
Aiming: Shock (safe; 6% risk of failure)
Press: ? - help, Shift-Dir - straight line, f/p - river rat
Aim: a river rat (almost dead, 64% to hit)
You miscast Shock.
You are very lightly contaminated with residual magic.
Nothing appears to happen.
The river rat bites you!
You die...

####..#
#..#
#....##
#... #.####
#..# #.#
#..#
########.#
#..#
##........#
#...
#..###.####
##.#
#........#
#.#
#~.@r....#
#.#
#~~~†~...#
#.#
#~~~~~...#
#..
###+#~~..#
### +~~..#
#~.~.#
#~~..# ####


You could see a river rat.

Vanquished Creatures
  Terence (D:2)
  Jessica (D:2)
  2 adders
  A river rat (D:3)
  A worm (D:2)
  A dart slug (D:2)
  2 endoplasms
  3 giant cockroaches
  8 goblins
  6 hobgoblins
  7 jackals (D:1)
  2 quokkas
  6 ball pythons
  3 bats
  4 frilled lizards
  8 kobolds
  7 rats
63 creatures vanquished.

Vanquished Creatures (others)
  2 withered plants (D:3)
2 creatures vanquished.

Grand Total: 65 creatures vanquished

Notes
Turn   | Place    | Note
-------+----------+-------------------------------------------
     0 | D:1      | wormed the Octopode Air Elementalist began the quest for
                  | the Orb.
     0 | D:1      | Reached XP level 1. HP: 11/11 MP: 3/3
    86 | D:1      | Reached XP level 2. HP: 18/18 MP: 1/5
   956 | D:1      | Reached XP level 3. HP: 16/22 MP: 6/6
  1149 | D:1      | Reached skill level 1 in Fighting
  1411 | D:1      | Learned a level 2 spell: Static Discharge
  1415 | D:1      | Learned a level 3 spell: Swiftness
  1485 | D:2      | Found a shadowy altar of Dithmenos.
  1817 | D:2      | Reached skill level 1 in Unarmed Combat
  1850 | D:2      | Noticed Terence
  2120 | D:2      | Noticed Jessica
  2138 | D:2      | Reached XP level 4. HP: 26/28 MP: 7/7
  2156 | D:2      | Killed Jessica
  2221 | D:2      | Killed Terence
  2650 | D:3      | Reached XP level 5. HP: 30/33 MP: 5/8
  2739 | D:3      | Found a faded altar of an unknown god.
  2917 | D:3      | Found an ancient bone altar of Kikubaaqudgha.
  3592 | D:3      | Slain by a river rat

Illustrated notes

Levels and vault maps discovered:
D:1:      doesnt_arrival_eight_statues, layout_basic, minmay_cut_off
D:2:      layout_basic, basic_altar, uniq_jessica, uniq_terence
D:3:      layout_loops_ring, kiku_gazebo_garden_becter, portal_sewer_entry_e,
          hellmonk_ecumenical_altar_inner_sanctum, uniq_crazy_yiuf_cottage

Skill      XL: |  1  2  3 |
---------------+----------+-----
Stealth        | 3 |  3.9
Fighting       | 1 |  1.7
Unarmed Combat | 1 |  1.7
Dodging        | |  2.7
Spellcasting   | |  2.6
Conjurations   | |  1.0
Air Magic      | |  3.5

Action                     |  1- 3 |  4- 6 || total
---------------------------+-------+-------++-------
  Melee: Unarmed           |   100 |    14 ||   114
         Constrict         |    30 |     6 ||    36
         Tentacles         |    19 |     4 ||    23
         Punch             |       |     1 ||     1
   Cast: Shock             |    10 |     1 ||    11
         Static Discharge  |    15 |    26 ||    41
   Stab: Sleeping          |     9 |     2 ||    11
 Armour: Skin              |    11 |     1 ||    12
  Dodge: Dodged            |    98 |    24 ||   122

Table legend: (Time is in decaauts)
 A = Elapsed time spent in this place.
 B = Non-inter-level travel time spent in this place.
 C = Inter-level travel time spent in this place.
 D = Time resting spent in this place.
 E = Time spent auto-exploring this place.
 F = Levels seen in this place.
 G = Mean time per level.
                   A        B        C        D        E       F      G
               +--------+--------+--------+--------+--------+-----+--------+
         Total |   3589 |   3428 |    161 |      0 |   2964 |   3 | 1196.3 |
       Dungeon |   3589 |   3428 |    161 |      0 |   2964 |   3 | 1196.3 |
               +--------+--------+--------+--------+--------+-----+--------+

Top non-repeatable levels by time:
     D:1: 1415 daAuts
     D:2: 1181 daAuts
     D:3: 993 daAuts
